 Dungeon Crawl Stone Soup version 0.31.0-32-g396128a36d (webtiles) character file.

Game seed: 3624795723914944285

36 Deinotrainer the Grave Robber (level 3, -4/19 HPs)
             Began as a Deep Elf Necromancer on Mar 9, 2024.
             Slain by Natasha (9 damage)
             ... on level 1 of the Dungeon.
             The game lasted 00:05:26 (1216 turns).

Deinotrainer the Grave Robber (DENe)                Turns: 1216, Time: 00:05:26

Health: -4/19      AC:  2    Str:  5    XL:     3   Next: 19%
Magic:  11/11      EV: 12    Int: 21    God:
Gold:   76         SH:  0    Dex: 15    Spells: 10/11 levels left

rFire   . . .        k - +0 short sword
rCold   . . .        (no shield)
rNeg    . . .        a - +0 robe
rPois   .            (no helmet)
rElec   .            (no cloak)
rCorr   .            (no gloves)
SInv    .            (no boots)
Will    .....        (no amulet)
Stlth   ++           (no ring)
HPRegen 0.23/turn    (no ring)
MPRegen 0.12/turn

%: no passive effects
@: brilliant
A: no striking features
a: no special abilities


You were on level 1 of the Dungeon.
You visited 1 branch of the dungeon, and saw 2 of its levels.

You collected 76 gold pieces.

Inventory:

Hand Weapons
 d - a +0 whip
 k - a +0 short sword (weapon)
Missiles
 c - a throwing net
Armour
 a - a +0 robe (worn)
Scrolls
 e - a scroll of fog {unknown}
 f - a scroll of poison {unknown}
 g - a scroll of enchant armour {unknown}
 h - a scroll of blinking {unknown}
 j - a scroll of immolation {unknown}
 l - a scroll of identify {unknown}
Potions
 b - a potion of magic
 i - a potion of brilliance


   Skills:
 - Level 2.5 Dodging
 - Level 2.5 Stealth
 * Level 4.8 Spellcasting
 - Level 4.9 Necromancy


You had 10 spell levels left.
You knew the following spells:

 Your Spells              Type           Power      Damage    Failure   Level
a - Necrotise             Necr           100%       1d9       1%          1

Your spell library contained the following spells:

 Spells                   Type           Power      Damage    Failure   Level
 Vampiric Draining        Necr           38%        2d8       4%          3
 Animate Dead             Necr           38%        N/A       14%         4
 Curse of Agony           Necr           38%        N/A       38%         5


Dungeon Overview and Level Annotations

Branches:
Dungeon (2/15)

Altars:

Annotations:
D:1 Natasha


Message History

Your goblin skeleton closely misses Natasha.
Natasha howls an incantation.
Natasha shimmers violently.
Natasha barely misses you.
Aiming: Necrotise (safe; 1% risk of failure)
Press: ? - help, Q - select action, (/) - cycle Shift-Dir - straight line, f - cerulean imp
Aim: a cerulean imp, wielding a +0 spear (summoned, not susceptible)
The cerulean imp is unaffected.
Your goblin skeleton misses the cerulean imp.
Natasha hisses.
Natasha closely misses you.
The cerulean imp hits you from afar with a +0 spear.
Your frilled lizard skeleton misses Natasha.
The cerulean imp attacks as it pursues you!
The cerulean imp misses you. Natasha claws you.
The cerulean imp hits you but does no damage.
Your frilled lizard skeleton closely misses the cerulean imp.
Your goblin skeleton hits the cerulean imp but does no damage.
Natasha stares at you and mumbles some strange words.
The magic dart hits you! Natasha attacks as she pursues you!
Natasha barely misses you. The cerulean imp closely misses you.
Natasha closely misses you.
There is a stone staircase leading up here.
The cerulean imp closely misses you. Natasha closely misses you.
You climb upwards.
Your mindless puppet stays behind to rot.
The cerulean imp disappears in a puff of smoke!
There is a stone staircase leading down here.
You feel yourself speed up. Natasha casts a spell at you.
The magic dart hits you.
* * * LOW HITPOINT WARNING * * *
It was a potion of brilliance.
You feel clever all of a sudden.
Natasha howls an incantation.
Natasha glows brightly for a moment.
Natasha closely misses you. Natasha attacks as she pursues you!
Natasha claws you!
You die...
Natasha begins licking her fur clean.

### ###### #.#
#.##.#
######.######.##.#
.................#
.......######.##>#
..............##h#
######.######.##@#
#..# #.##.#
#####..######.##.#
............#.##.##
.####.............#
..................#
.####....##...##.##
.#.......##...##.#
.................#


You could see Natasha.

Vanquished Creatures
  4 endoplasms (D:1)
  3 giant cockroaches (D:1)
  A goblin (D:2)
  4 hobgoblins (D:1)
  2 kobolds (D:1)
  2 quokkas (D:1)
  3 ball pythons (D:1)
  2 bats (D:1)
  7 frilled lizards
  2 rats (D:1)
30 creatures vanquished.

Vanquished Creatures (collateral kills)
  A dart slug (D:1)
  A rat (D:1)
2 creatures vanquished.

Grand Total: 32 creatures vanquished

Notes
Turn   | Place    | Note
-------+----------+-------------------------------------------
     0 | D:1      | Deinotrainer the Deep Elf Necromancer began the quest for
                  | the Orb.
     0 | D:1      | Reached XP level 1. HP: 10/10 MP: 6/6
   256 | D:1      | Reached XP level 2. HP: 15/15 MP: 4/8
   827 | D:1      | Reached XP level 3. HP: 16/19 MP: 11/11
  1184 | D:2      | Noticed Natasha
  1216 | D:1      | Slain by Natasha

Illustrated notes

Levels and vault maps discovered:
D:1:      ebering_trefoil_twist, layout_basic, ebering_dispersal_statue_hall,
          corexii_item_surrounded_by_moat, minmay_hexomino_r4
D:2:      layout_basic, grunt_decor_arrowhead, lexackson_kobold_supper,
          uniq_natasha

Skill      XL: |  1  2 |
---------------+-------+-----
Spellcasting   | 4 |  4.8
Dodging        | |  2.5
Stealth        | |  2.5
Necromancy     | |  4.9

Action                     || total
---------------------------++-------
  Melee: Short sword       ||     2
         Whip              ||     1
   Cast: Necrotise         ||    42
    Use: Potion            ||     1
 Armour: Robe              ||    14
  Dodge: Dodged            ||    18
